 Dungeon Crawl Stone Soup version 0.29-a0-676-ga64570c9d2 (webtiles) character file.

Game seed: 5308198993603346433

50 crusatyr the Cutter (level 3, 0/29 HPs)
             Began as a Demonspawn Monk on June 24, 2022.
             Succumbed to Crazy Yiuf's poison
             ... on level 2 of the Dungeon.
             The game lasted 00:02:18 (1810 turns).

crusatyr the Cutter (Demonspawn Monk)               Turns: 1810, Time: 00:02:19

Health: 0/29       AC:  7    Str: 11    XL:     3   Next: 55%
Magic:  3/3        EV:  9    Int: 11    God:
Gold:   110        SH:  0    Dex: 17    Spells: 2/2 levels left

rFire   . . .      SeeInvis .   h - +0 whip (freeze)
rCold   . . .      Faith    .   (no shield)
rNeg    . . .      Spirit   .   g - +0 scale mail
rPois   .          Reflect  .   (no helmet)
rElec   .          Harm     .   e - +0 cloak
rCorr   .          Rampage  .   (no gloves)
Will    .....                   (no boots)
Stlth   +.........              (no amulet)
HPRegen 0.09/turn               (no ring)
MPRegen 0.08/turn               (no ring)

@: lethally poisoned (0 -> -15)
A: demonic guardian 1
a: no special abilities


You were on level 2 of the Dungeon.
You visited 1 branch of the dungeon, and saw 2 of its levels.

You collected 110 gold pieces.

Inventory:

Hand Weapons
 a - a +0 short sword
 h - a +0 whip of freezing (weapon)
Missiles
 j - 4 poisoned darts (quivered)
 m - 5 atropa-tipped darts
Armour
 d - a +0 leather armour
 e - a +0 cloak (worn)
 g - a +0 scale mail (worn)
Jewellery
 n - a ring of magical power
 q - a ring of flight
Scrolls
 b - a scroll of acquirement {unknown}
 i - a scroll of identify {unknown}
 l - a scroll of immolation {unknown}
 p - a scroll of enchant weapon {unknown}
Potions
 c - a potion of ambrosia
 f - a potion of haste {unknown}
 k - a potion of heal wounds {unknown}
 o - 3 potions of curing {unknown}


   Skills:
 - Level 3.0 Fighting
 - Level 3.6 Short Blades
 + Level 1.7 Maces & Flails
 - Level 2.6 Dodging
 - Level 1.7 Stealth


You had 2 spell levels left.
You didn't know any spells.
Your spell library was empty.

Dungeon Overview and Level Annotations

Branches:
Dungeon (2/15)

Altars:

Annotations:
D:2 Crazy Yiuf


Innate Abilities, Weirdness & Mutations

A weak demonic guardian rushes to your aid.


Message History

The adder barely misses you.
You hit the adder but do no damage.
The adder is almost dead.
The adder bites you but does no damage. The adder closely misses you.
You hit the adder. You freeze the adder.
You kill the adder!
No target in view!
No target in view!
Key pressed, stopping explore.
You see here an adder corpse.
p - a scroll labelled SEEDUO KUCEI A bat comes into view.
You miss the bat. The bat misses you. The bat hits you but does no damage.
The bat misses you.
No target in view!
No target in view!
You hit the bat but do no damage. The bat hits you.
A demonic guardian appears!
You hit the bat. You freeze the bat.
You kill the bat!
No target in view!
No target in view!
No target in view!
Your iron imp disappears in a puff of smoke!
You now have 110 gold pieces (gained 12).
q - a ring of flight
Found a mace.
Found a runed translucent door.
Crazy Yiuf shouts!
You open the door. You completely miss Crazy Yiuf.
Crazy Yiuf hits you with a +3 quarterstaff of chaos!
A demonic guardian appears!
You are lethally poisoned!
You closely miss Crazy Yiuf.
You feel very sick.
Crazy Yiuf hits you with a +3 quarterstaff of chaos!
* * * LOW HITPOINT WARNING * * *
You hit Crazy Yiuf. You freeze Crazy Yiuf.
Crazy Yiuf is heavily wounded.
You die...

#....###.# #..##
##..## #.# #.##.
♣....♣ #.# #.#..
♣♣...♣ #.# #...≈
♣♣.♣♣ #.## #.#..
♣♣.♣ #..# #.##.
♣.♣♣ #..# #.###
♣♣5♣ #..####..# #
♣@♣♣ #.#.....####
#g# #.........##
... ###..#.....#
#...# #.........
#)..# #.........
##### #.#.......
#.##...... ###
#.#.......
###.#####.#.......


You could see Crazy Yiuf (ally target) and a friendly ufetubus (summoned).

Vanquished Creatures
  An adder (D:2)
  5 ball pythons
  4 bats
  2 endoplasms
  A giant cockroach (D:2)
  2 goblins (D:1)
  5 hobgoblins
  3 jackals (D:2)
  2 kobolds (D:1)
  5 quokkas
  3 rats (D:1)
33 creatures vanquished.

Vanquished Creatures (collateral kills)
  A ball python (D:2)
1 creature vanquished.

Grand Total: 34 creatures vanquished

Notes
Turn   | Place    | Note
-------+----------+-------------------------------------------
     0 | D:1      | crusatyr the Demonspawn Monk began the quest for the Orb.
     0 | D:1      | Reached XP level 1. HP: 18/18 MP: 1/1
   303 | D:1      | Gained mutation: A weak demonic guardian rushes to your
                  | aid. [demonic ancestry]
   303 | D:1      | Reached XP level 2. HP: 24/24 MP: 2/2
  1331 | D:2      | Reached XP level 3. HP: 29/29 MP: 3/3
  1352 | D:2      | Reached skill level 1 in Maces & Flails
  1803 | D:2      | Found a runed translucent door.
  1804 | D:2      | Noticed Crazy Yiuf
  1810 | D:2      | Succumbed to Crazy Yiuf's poison

Illustrated notes

Levels and vault maps discovered:
D:1:      lemuel_arrival_behind_the_door_small, layout_basic
D:2:      layout_rooms, basic_altar, amcnicky_mini_pool_small, minivault_19,
          uniq_crazy_yiuf_cottage

Skill      XL: |  1  2  3 |
---------------+----------+-----
Short Blades   | 3 |  3.6
Maces & Flails | 1 |  1.7
Fighting       | |  3.0
Dodging        | |  2.6
Stealth        | |  1.7

Action                   || total
-------------------------++-------
Melee: Short sword       ||    59
       Whip              ||    82
 Stab: Sleeping          ||     1
Armor: Robe              ||     3
       Scale mail        ||    61
       Leather armour    ||     1
Dodge: Dodged            ||    80

Table legend: (Time is in decaauts)
 A = Elapsed time spent in this place.
 B = Non-inter-level travel time spent in this place.
 C = Inter-level travel time spent in this place.
 D = Time resting spent in this place.
 E = Time spent auto-exploring this place.
 F = Levels seen in this place.
 G = Mean time per level.
                   A        B        C        D        E       F      G
               +--------+--------+--------+--------+--------+-----+--------+
         Total |   1809 |   1778 |     31 |      0 |   1432 |   2 |  904.5 |
       Dungeon |   1809 |   1778 |     31 |      0 |   1432 |   2 |  904.5 |
               +--------+--------+--------+--------+--------+-----+--------+

Top non-repeatable levels by time:
     D:1: 1103 daAuts
     D:2: 706 daAuts
